cohdb
Replays
Latest Replays
All Replays
Popular Replays
Top Player Replays
Match Explorer
How It Works
Community
CoH3 Stats
Reddit
Sign in to upload your games and track your stats! →
Sign in with Steam
Match 46938252
Unlisted
Match 46938252
Overview
Messages
Build Orders
End
Panzergrenadier Squad
250 Light Carrier
Panzergrenadier Squad
Construct Light Support Kompanie
Selects Armored Support Battlegroup
Fire Support Elements
Combat Half-tracks
Vehicle Survival Package
Veteran Squad Leaders
Panzerjäger Mechanized Group
Selects Salvage Kits
Pak 38 Anti-tank Gun Team
Construct Panzerarmee Kommand
Selects Veteran Gunners
Walking Stuka Rocket Launcher
Panzer III L Medium Tank
Emergency Repair Kits
Selects Flammpanzer III Medium Tank
Flak 36 Anti-tank Gun Team
Flammpanzer III Medium Tank
Armored Reserves
Selects Command Panzer IV F Medium Tank
WilllTHENOOBz
我小叮当今晚要搞事!
Alex
FLOKL
Spooky Boogie
Jamesrulz
MyStore
起飞!
0
0
Comments
sign in to comment!
No comments posted yet!